 Dungeon Crawl Stone Soup version 0.25.1-2-g60ff931df9 (webtiles) character file.

Game seed: 2927162545823831219

99 RUZZLEFAZAZZLE the Slasher (level 5, 0/39 HPs)
             Began as a Human Gladiator on Aug 22, 2020.
             Succumbed to a killer bee's poison
             ... on level 2 of the Dungeon.
             The game lasted 00:06:47 (2302 turns).

RUZZLEFAZAZZLE the Slasher (Human Gladiator)        Turns: 2302, Time: 00:06:48

Health: 0/39       AC:  4    Str: 11 (14) XL:     5   Next: 2%
Magic:  5/5        EV: 13    Int:  8 (9)  God:
Gold:   94         SH:  0    Dex: 15      Spells: 4/4 levels left

rFire    . . .     SeeInvis .   a - +0 long sword
rCold    . . .     Gourm    .   (no shield)
rNeg     . . .     Faith    .   k - +0 leather armour (curse)
rPois    .         Spirit   .   c - +0 helmet
rElec    .         Reflect  .   (no cloak)
rCorr    .         Harm     .   (no gloves)
MR       .....                  (no boots)
Stlth    ++........             (no amulet)
HPRegen  0.13/turn              n - ring of stealth
MPRegen  0.09/turn              (no ring)

@: mighty, lethally poisoned (0 -> -16), about to teleport, hasted, very quick
A: no striking features
a: no special abilities


You were on level 2 of the Dungeon.
You were hungry.

You visited 1 branch of the dungeon, and saw 3 of its levels.

You collected 94 gold pieces.

Inventory:

Hand Weapons
 a - a +0 long sword (weapon)
 h - a +0 hunting sling of freezing
Missiles
 d - 3 throwing nets
 e - 41 sling bullets
 m - 87 stones (quivered)
Armour
 b - a +0 leather armour
 c - a +0 helmet (worn)
 j - a +4 plate armour
 k - a cursed +0 leather armour (worn)
Jewellery
 n - a ring of stealth (left hand)
Wands
 g - a wand of polymorph (6)
Comestibles
 f - 6 rations


   Skills:
 + Level 2.7 Fighting
 + Level 3.5 Long Blades
 + Level 2.7 Throwing
 + Level 1.5 Armour
 + Level 3.5 Dodging


You had 4 spell levels left.
You didn't know any spells.
Your spell library was empty.

Dungeon Overview and Level Annotations

Branches:
Dungeon (3/15)

Altars:
Nemelex Xobeh


Message History

You feel sick. The killer bee completely misses you.
You riposte.
You closely miss the killer bee.
The killer bee is heavily wounded.
The killer bee stings you.
* * * LOW HITPOINT WARNING * * *
You are more poisoned.
The killer bee poisons you! The killer bee misses you.
You hit the killer bee.
The killer bee is severely wounded.
* * * LOW HITPOINT WARNING * * *
You feel sick. The killer bee closely misses you.
You riposte.
You miss the killer bee.
The killer bee is severely wounded.
The killer bee barely misses you. The killer bee stings you.
* * * LOW HITPOINT WARNING * * *
The killer bee closely misses you.
You aren't carrying any potions.
As you read the scroll of teleportation, it crumbles to dust.
You feel strangely unstable.
You die...

######### #.......#
#.####..#
#y####..####
#@##.......####
#y##.#..##....####
#.......#####[....
#.......# #.....
####.#### #.....
#.......# #.....
#.##>##.# #...>.
##.##.##.#####.....
#.....##.#.........


You could see 2 killer bees.

Vanquished Creatures
  Terence (D:2)
  2 adders (D:3)
  5 dart slugs
  2 leopard geckos
  2 ball pythons (D:1)
  2 giant cockroaches
  6 hobgoblins
  3 jackals (D:1)
  2 kobolds
  4 bats
  3 frilled lizards (D:1)
  8 goblins
  3 rats
43 creatures vanquished.

Notes
Turn   | Place    | Note
-------+----------+-------------------------------------------
     0 | D:1      | RUZZLEFAZAZZLE the Human Gladiator began the quest for the
                  | Orb.
     0 | D:1      | Reached XP level 1. HP: 16/16 MP: 1/1
    73 | D:1      | Reached XP level 2. HP: 16/22 MP: 2/2
   422 | D:1      | Reached XP level 3. HP: 27/27 MP: 3/3
   481 | D:1      | Reached skill level 1 in Armour
   886 | D:2      | Noticed Terence
   910 | D:2      | Killed Terence
   910 | D:2      | Reached XP level 4. HP: 5/34 MP: 4/4
  1711 | D:2      | Found a sparkling altar of Nemelex Xobeh.
  2110 | D:3      | Reached XP level 5. HP: 22/39 MP: 5/5
  2301 | D:2      | HP: 1/39 [killer bee (3)]
  2302 | D:2      | Succumbed to a killer bee's poison

Illustrated notes

Levels and vault maps discovered:
D:1:      minmay_arrival_three_doors, layout_loops_ring, nrook_loot_triangle
D:2:      layout_loops_cross, lemuel_round_altar, minmay_misc_feat_room,
          uniq_terence
D:3:      layout_basic, gammafunk_ghost_split, first_ration

Skill      XL: |  1  2  3 |
---------------+----------+-----
Armour         | 1 |  1.5
Fighting       | |  2.7
Long Blades    | |  3.5
Throwing       | |  2.7
Dodging        | |  3.5

Action                   |  1- 3 |  4- 6 || total
-------------------------+-------+-------++-------
Melee: Long sword        |    65 |    46 ||   111
       Unarmed           |    20 |       ||    20
Throw: Stone             |       |     2 ||     2
  Use: Scroll            |     2 |     1 ||     3
       Potion            |     1 |     2 ||     3
 Stab: Sleeping          |     1 |     2 ||     3
  Eat: Chunk             |       |     4 ||     4
Armor: Leather armour    |    16 |    15 ||    31
       Plate armour      |     4 |       ||     4
       Skin              |     1 |       ||     1
Dodge: Dodged            |    52 |    38 ||    90
       Rpst.: Long sword |    14 |    15 ||    29
